[Event "Team 45 45 League T92"]
[Site "Internet Chess Club"]
[Date "2022.05.14"]
[Round "5"]
[White "room-matt"]
[Black "Sloggi"]
[Result "0-1"]
[WhiteElo "1802"]
[BlackElo "2003"]
[Opening "Caro-Kann: Goldman (Spielmann) variation"]
[ECO "B11"]
[Time "00:31:36"]
[PlyCount "56"]
[TimeControl "2700+45"]

1. e4 c6 2. Nc3 d5 3. Qf3 dxe4 4. Nxe4 Qd5 5. d3 Nf6 6. Nxf6+ gxf6 7. Qg3 e5 8.
Be2 Be6 9. Bf3 Qc5 10. c3 Nd7 11. Be2 O-O-O 12. a3 Bd6 13. Be3 Qb5 14. O-O-O
Rhg8 15. Qh4 Qb3 16. Rd2 f5 17. g3 Qa2 18. Bd1 Qa1+ 19. Kc2 Ba2 20. c4 Nb6 21.
Bxb6 Qb1+ 22. Kc3 Qc1+ 23. Rc2 Qxd1 24. Bxd8 e4 25. dxe4 Be5+ 26. Kb4 Qxc2 27.
exf5 Qxb2+ 28. Ka4 Qb3+ {White resigns} 0-1

[Event "Team 45 45 League T92"]
[Site "Internet Chess Club"]
[Date "2022.05.14"]
[Round "5"]
[White "fhunfi"]
[Black "liujf"]
[Result "0-1"]
[WhiteElo "1708"]
[BlackElo "1569"]
[Opening "French: advance, Milner-Barry gambit"]
[ECO "C02"]
[Time "19:36:46"]
[PlyCount "74"]
[TimeControl "2700+45"]

1. e4 e6 2. d4 d5 3. e5 c5 4. c3 Nc6 5. Nf3 Qb6 6. Bd3 cxd4 7. O-O dxc3 8. bxc3
Nge7 9. Re1 Ng6 10. Qe2 Bc5 11. h4 h6 12. h5 Nge7 13. Nbd2 O-O 14. Nb3 Nf5 15.
Kf1 f6 16. Nxc5 Qxc5 17. g4 Nfe7 18. Be3 Qxc3 19. Rac1 Qa3 20. Bc5 Qa5 21. Bd6
Qd8 22. Ba3 fxe5 23. Nxe5 Nxe5 24. Qxe5 Rf7 25. Bxe7 Qxe7 26. Bg6 Rf6 27. Rc7
Qa3 28. Rec1 Bd7 29. R1c3 Qxa2 30. Rc2 Qa6+ 31. Kg1 Rd8 32. Rxd7 Rxd7 33. Rc8+
Rf8 34. Bh7+ Kxh7 35. Rxf8 Qc4 36. f3 Qc5+ 37. Kg2 Qxf8 {White resigns} 0-1

[Event "Team 45 45 League T92"]
[Site "Internet Chess Club"]
[Date "2022.05.16"]
[Round "5"]
[White "fvafier"]
[Black "evan7284"]
[Result "1/2-1/2"]
[WhiteElo "1516"]
[BlackElo "1608"]
[Opening "Réti: King's Indian attack (Barcza system)"]
[ECO "A07"]
[Time "14:30:48"]
[PlyCount "80"]
[TimeControl "2700+45"]

1. Nf3 d5 2. g3 Nf6 3. d3 Bf5 4. Nbd2 e6 5. Bg2 h6 6. O-O Be7 7. b3 Nbd7 8. Bb2
c6 9. h3 Qc7 10. e3 O-O 11. Qe2 e5 12. e4 dxe4 13. dxe4 Bh7 14. Nh4 Bc5 15. Nf5
Ne8 16. Qg4 Bxf5 17. exf5 Nef6 18. Qe2 Rfe8 19. Kh1 Rad8 20. a4 Nb6 21. Rfe1 Bd6
22. Ne4 Nxe4 23. Qxe4 Nd5 24. Rad1 Nf6 25. Qc4 Nd7 26. Re2 Nb6 27. Qe4 Nd5 28.
Red2 Nf6 29. Qc4 Be7 30. Qc3 Bd6 31. Qe3 a6 32. Bf1 Qe7 33. Bc3 Bc5 34. Qe2 Nd5
35. Bb2 Bb4 36. Rd3 e4 37. Rd4 Bc5 38. R4d2 Bb4 39. Rd4 Bc5 40. R4d2 Bb4 {Game
drawn by mutual agreement} 1/2-1/2

[Event "Team 45 45 League T92"]
[Site "Internet Chess Club"]
[Date "2022.05.13"]
[Round "5"]
[White "hipopotamos"]
[Black "Packerfan"]
[Result "1-0"]
[WhiteElo "1703"]
[BlackElo "1751"]
[Opening "Giuoco Piano"]
[ECO "C54"]
[Time "15:00:57"]
[PlyCount "79"]
[TimeControl "2700+45"]

1. e4 e5 2. Nf3 Nc6 3. Bc4 Bc5 4. c3 Nf6 5. d3 d6 6. Nbd2 h6 7. O-O O-O 8. Bb3
Be6 9. Bc2 a5 10. a4 Nh7 11. h3 Ne7 12. Re1 f5 13. d4 exd4 14. cxd4 Bb4 15. exf5
Bxf5 16. Bb3+ d5 17. Nh4 Ng5 18. Nxf5 Nxf5 19. Re5 c6 20. Ne4 Nxe4 21. Rxe4 Qf6
22. Bf4 Kh8 23. Be5 Qd8 24. Rg4 Bd6 25. Qd3 Bxe5 26. dxe5 Qe8 27. Re1 Qe6 28.
Rf4 g6 29. Rg4 Ne7 30. Bc2 Kg7 31. Re3 Rf5 32. Qb3 Raf8 33. Bxf5 Qxf5 34. Rf3
Qxe5 35. Rxf8 Kxf8 36. Qxb7 Qe1+ 37. Kh2 Qxf2 38. Qb8+ Kg7 39. Rf4 Qc5 40. Qf8+
{Black resigns} 1-0

[Event "Team 45 45 League T92"]
[Site "Internet Chess Club"]
[Date "2022.05.13"]
[Round "5"]
[White "burlap"]
[Black "tightfist"]
[Result "1/2-1/2"]
[WhiteElo "1433"]
[BlackElo "1421"]
[Opening "Queen's pawn, Mason variation"]
[ECO "D00"]
[Time "21:16:22"]
[PlyCount "53"]
[TimeControl "2700+45"]

1. d4 d5 2. Bf4 e6 3. e3 c5 4. c3 Nf6 5. Nd2 Nc6 6. Ngf3 cxd4 7. exd4 Bd6 8.
Bxd6 Qxd6 9. Bd3 O-O 10. Qc2 Re8 11. O-O e5 12. dxe5 Nxe5 13. Nxe5 Rxe5 14. Rfe1
Bd7 15. Nf3 Rxe1+ 16. Rxe1 Re8 17. Rxe8+ Bxe8 18. Qe2 Bd7 19. Ne5 Be6 20. Nf3 h6
21. Qe3 b6 22. h3 Nh5 23. Nd4 Bd7 24. Bb5 Bxb5 25. Nxb5 Qd7 26. Nd4 Nf6 27. f3
{Game drawn by mutual agreement} 1/2-1/2

[Event "Team 45 45 League T92"]
[Site "Internet Chess Club"]
[Date "2022.05.12"]
[Round "5"]
[White "janh"]
[Black "HomerSimpson"]
[Result "1-0"]
[WhiteElo "1942"]
[BlackElo "2023"]
[Opening "Trompowsky attack (Ruth, Opocenský opening)"]
[ECO "A45"]
[Time "23:04:21"]
[PlyCount "65"]
[TimeControl "2700+45"]

1. d4 Nf6 2. Bg5 d5 3. Bxf6 gxf6 4. e3 c5 5. Ne2 Qb6 6. Nbc3 e6 7. Rb1 Nc6 8.
dxc5 Bxc5 9. g3 h5 10. Bg2 h4 11. O-O hxg3 12. hxg3 Qc7 13. Nb5 Qe5 14. Nf4 Bb6
15. c4 d4 16. exd4 Nxd4 17. Re1 Qc5 18. b4 Qg5 19. Nxd4 e5 20. c5 Kf8 21. Nf3
Qh6 22. Qd6+ Kg7 23. Nxe5 Qh2+ 24. Kf1 Rd8 25. Qe7 fxe5 26. Qxe5+ Kg8 27. cxb6
Rd2 28. Qg5+ Kf8 29. Nh5 Rxf2+ 30. Kxf2 Be6 31. Rxe6 fxe6 32. Qg7+ Ke8 33. Nf6+
{Black resigns} 1-0

[Event "Team 45 45 League T92"]
[Site "Internet Chess Club"]
[Date "2022.05.14"]
[Round "5"]
[White "laurenpar"]
[Black "primerpaso"]
[Result "0-1"]
[WhiteElo "1917"]
[BlackElo "1894"]
[Opening "Nimzovich-Larsen attack: Indian variation"]
[ECO "A01"]
[Time "03:04:43"]
[PlyCount "78"]
[TimeControl "2700+45"]

1. b3 Nf6 2. Bb2 d5 3. e3 g6 4. Nf3 Bg7 5. c4 c6 6. Be2 O-O 7. O-O Nbd7 8. cxd5
cxd5 9. Nc3 a6 10. Rc1 e5 11. Na4 Qe7 12. Rc7 Ne8 13. Rc2 b5 14. Qc1 Nd6 15. Nc5
Nb6 16. d3 b4 17. Na4 Nxa4 18. bxa4 Bd7 19. Rc7 Rfc8 20. Rxc8+ Rxc8 21. Qb1 Bxa4
22. Rc1 a5 23. Rxc8+ Nxc8 24. Qa1 f6 25. Bd1 Bb5 26. Bb3 Nb6 27. Ne1 a4 28. Bd1
a3 29. Bc1 Qc5 30. Bd2 Na4 31. Bxa4 Bxa4 32. Qb1 Bf8 33. h4 Kf7 34. h5 gxh5 35.
d4 exd4 36. Qxh7+ Bg7 37. Nd3 Qc2 38. Qxh5+ Kg8 39. Qe8+ Bxe8 {White resigns}
0-1

[Event "Team 45 45 League T92"]
[Site "Internet Chess Club"]
[Date "2022.05.16"]
[Round "5"]
[White "LookImYourVader"]
[Black "fishhead"]
[Result "1/2-1/2"]
[WhiteElo "1752"]
[BlackElo "1724"]
[Opening "Sicilian: Alapin's variation (2.c3)"]
[ECO "B22"]
[Time "17:00:13"]
[PlyCount "56"]
[TimeControl "2700+45"]

1. e4 c5 2. c3 Nf6 3. e5 Nd5 4. d4 d6 5. Nf3 e6 6. Bc4 Nb6 7. Bd3 Be7 8. O-O Nc6
9. Qe2 Qc7 10. dxc5 dxc5 11. Re1 Bd7 12. Nbd2 Nd5 13. Nc4 O-O 14. Qe4 f5 15.
exf6 Nxf6 16. Qh4 g6 17. Bf4 Qd8 18. Bg5 Nh5 19. Bxe7 Qxe7 20. Qxe7 Nxe7 21.
Nce5 Bc8 22. Bc4 Nd5 23. Rad1 Nhf6 24. Nd3 b6 25. Ng5 Nc7 26. Nxe6 Nxe6 27.
Bxe6+ Bxe6 28. Rxe6 Rad8 {Game drawn by mutual agreement} 1/2-1/2

[Event "Team 45 45 League T92"]
[Site "Internet Chess Club"]
[Date "2022.05.15"]
[Round "5"]
[White "Dlugy"]
[Black "Ajolote"]
[Result "1/2-1/2"]
[WhiteElo "2014"]
[BlackElo "1988"]
[Opening "Queen's pawn: London system"]
[ECO "A45"]
[Time "22:35:41"]
[PlyCount "64"]
[TimeControl "2700+45"]

1. d4 Nf6 2. Bf4 g6 3. Nc3 d5 4. e3 Bg7 5. h4 h5 6. Nf3 O-O 7. Ne5 Nbd7 8. Qd2
c5 9. O-O-O a6 10. f3 b5 11. dxc5 Nxc5 12. Nxd5 Nxd5 13. Qxd5 Qxd5 14. Rxd5 Na4
15. b3 Be6 16. Rd3 Nb6 17. e4 Rac8 18. Be2 Kh7 19. Rhd1 f5 20. Be3 Bxe5 21. Bxb6
Bg3 22. Rh1 fxe4 23. fxe4 Bf2 24. Be3 Bxe3+ 25. Rxe3 Rf2 26. g3 Bg4 27. Bd3 e5
28. Kb2 g5 29. hxg5 Kg6 30. Ka3 a5 31. Rc1 Rc3 32. Kb2 b4 {Game drawn by mutual
agreement} 1/2-1/2

[Event "Team 45 45 League T92"]
[Site "Internet Chess Club"]
[Date "2022.05.13"]
[Round "5"]
[White "kasraei"]
[Black "BRJAK0530"]
[Result "1-0"]
[WhiteElo "1752"]
[BlackElo "1811"]
[Opening "Queen's pawn: London system"]
[ECO "A45"]
[Time "23:45:42"]
[PlyCount "167"]
[TimeControl "2700+45"]

1. d4 Nf6 2. Bf4 g6 3. c3 Bg7 4. Nd2 d6 5. e4 O-O 6. Ngf3 c5 7. d5 e6 8. c4 exd5
9. exd5 Nh5 10. Bg5 Qb6 11. Be2 h6 12. Be3 Qxb2 13. Rb1 Qxa2 14. O-O Qa5 15. Rb5
Qc7 16. Nh4 Nf6 17. Qc2 Na6 18. Nxg6 Nb4 19. Rxb4 cxb4 20. Nxf8 Kxf8 21. Bd3 a5
22. Bd4 Ng4 23. Qb2 Bxd4 24. Qxd4 Ne5 25. Re1 Qc5 26. Qh4 Kg7 27. Qg3+ Bg4 28.
Ne4 Qd4 29. Nxd6 Qxd3 30. Qxe5+ Kg8 31. Ne8 Qc3 32. Qxc3 bxc3 33. Nf6+ Kf8 34.
Nxg4 b5 35. cxb5 Rb8 36. g3 Rxb5 37. d6 Rd5 38. Rc1 Rxd6 39. Rxc3 h5 40. Ne3 Ra6
41. Ra3 h4 42. Ra4 h3 43. f4 Re6 44. Kf2 Rb6 45. g4 Rb2+ 46. Kg3 Rb3 47. Re4 a4
48. Kxh3 a3 49. Kh4 a2 50. Ra4 Rxe3 51. Rxa2 Kg7 52. Rf2 Ra3 53. f5 Kf6 54. g5+
Kg7 55. Kg4 Ra4+ 56. Rf4 Ra1 57. Kh5 Ra5 58. f6+ Kh7 59. h4 Ra8 60. Kg4 Rb8 61.
Re4 Ra8 62. Kf4 Kg6 63. Ke5 Ra5+ 64. Kd6 Ra7 65. Re7 Ra6+ 66. Ke5 Ra5+ 67. Kf4
Ra4+ 68. Re4 Ra1 69. Re3 Ra4+ 70. Re4 Ra1 71. Re8 Ra4+ 72. Ke5 Ra5+ 73. Kd6 Ra6+
74. Kd7 Ra7+ 75. Kc6 Ra6+ 76. Kb7 Ra4 77. Rg8+ Kf5 78. h5 Rh4 79. h6 Rh1 80. Kc7
Ke6 81. Kd8 Rd1+ 82. Ke8 Rh1 83. Kf8 Rh5 84. Rg7 {Black resigns} 1-0

[Event "Team 45 45 League T92"]
[Site "Internet Chess Club"]
[Date "2022.05.15"]
[Round "5"]
[White "pmarcal"]
[Black "Timmah4651"]
[Result "1-0"]
[WhiteElo "1721"]
[BlackElo "1605"]
[Opening "Giuoco Pianissimo"]
[ECO "C55"]
[Time "10:22:55"]
[PlyCount "93"]
[TimeControl "2700+45"]

1. e4 e5 2. Nf3 Nc6 3. Bc4 Nf6 4. d3 Bc5 5. c3 O-O 6. O-O d6 7. h3 Be6 8. Nbd2
Bxc4 9. Nxc4 Ne7 10. Be3 Bb6 11. Qc2 Ng6 12. Rad1 Re8 13. Rfe1 d5 14. Bxb6 axb6
15. exd5 Qxd5 16. b3 b5 17. Ne3 Qc6 18. Ng4 Nxg4 19. hxg4 Qe6 20. Re4 f5 21.
gxf5 Qxf5 22. Nh4 Nxh4 23. Rxh4 Re6 24. Re1 Rf8 25. Re3 Qg5 26. Rhe4 Rf4 27.
Rxf4 Qxf4 28. Re4 Qg5 29. Qe2 Kf7 30. f4 Qh6 31. fxe5 Qc1+ 32. Qf1+ Qxf1+ 33.
Kxf1 Ra6 34. a4 bxa4 35. Rxa4 Rb6 36. b4 Ke6 37. d4 Rc6 38. Ra3 Kd5 39. Ra5+ Ke4
40. Rc5 Rh6 41. Rxc7 Ke3 42. Kg1 g5 43. Rf7 g4 44. Rf6 Rh4 45. e6 g3 46. Rf3+
Ke4 47. Rxg3 {Black resigns} 1-0

[Event "Team 45 45 League T92"]
[Site "Internet Chess Club"]
[Date "2022.05.14"]
[Round "5"]
[White "Insan996"]
[Black "rubwin"]
[Result "0-1"]
[WhiteElo "1588"]
[BlackElo "1329"]
[Opening "King's Indian: Averbakh system"]
[ECO "E73"]
[Time "14:40:43"]
[PlyCount "52"]
[TimeControl "2700+45"]

1. d4 Nf6 2. c4 g6 3. Nc3 Bg7 4. e4 d6 5. Be2 O-O 6. Bg5 e5 7. dxe5 dxe5 8. Qxd8
Rxd8 9. Nd5 Nbd7 10. Nxc7 Rb8 11. O-O-O h6 12. Bxf6 Bxf6 13. f3 Nc5 14. b4 Ne6
15. c5 Rxd1+ 16. Kxd1 Nxc7 17. Bd3 Be6 18. a3 Bb3+ 19. Kd2 Rd8 20. Kc3 Ne6 21.
Ne2 Nf4 22. Bb5 Nxe2+ 23. Bxe2 Ba4 24. Rc1 Bg5 25. Rb1 a6 26. Rb2 Be3 {White
resigns} 0-1

[Event "Team 45 45 League T92"]
[Site "Internet Chess Club"]
[Date "2022.05.15"]
[Round "5"]
[White "achessman"]
[Black "Sloggi"]
[Result "0-1"]
[WhiteElo "1844"]
[BlackElo "2012"]
[Opening "English: Neo-Catalan"]
[ECO "A13"]
[Time "09:08:43"]
[PlyCount "64"]
[TimeControl "2700+45"]

1. Nf3 Nf6 2. c4 e6 3. g3 d5 4. b3 Be7 5. Bg2 O-O 6. O-O b6 7. Bb2 Bb7 8. e3
Nbd7 9. Qe2 c5 10. Rd1 Rc8 11. Nc3 Qc7 12. cxd5 Nxd5 13. Nxd5 Bxd5 14. e4 Bb7
15. d4 cxd4 16. Nxd4 Rfd8 17. Rac1 Qb8 18. Rxc8 Qxc8 19. Rc1 Qb8 20. Nc6 Bxc6
21. Rxc6 Bc5 22. e5 Nf8 23. a3 a5 24. Qb5 Rd1+ 25. Bf1 Qd8 26. Bc3 Qd5 27. Bxa5
Qf3 28. Rxc5 bxc5 29. Bb6 h5 30. h4 Nd7 31. Bxc5 Nxc5 32. Qxc5 Qe2 {White
resigns} 0-1

[Event "Team 45 45 League T92"]
[Site "Internet Chess Club"]
[Date "2022.05.15"]
[Round "5"]
[White "gera-carp75"]
[Black "ElValero"]
[Result "0-1"]
[WhiteElo "1813"]
[BlackElo "1770"]
[Opening "French: Two knights variation"]
[ECO "C00"]
[Time "11:06:10"]
[PlyCount "60"]
[TimeControl "2700+45"]

1. e4 e6 2. Nf3 d5 3. Nc3 dxe4 4. Nxe4 Nf6 5. Nxf6+ Qxf6 6. d4 h6 7. Bb5+ Bd7 8.
Bxd7+ Nxd7 9. O-O Bd6 10. c4 O-O 11. c5 Bf4 12. Re1 c6 13. Re4 Bxc1 14. Rxc1
Rfe8 15. Rc3 Qg6 16. Re2 Red8 17. Nd2 Qh5 18. Rh3 Qd5 19. Ne4 Nxc5 20. Nxc5 Qxc5
21. Rd3 Qd5 22. b3 Rd7 23. Re5 Qd6 24. Qg4 Rad8 25. f4 Qf8 26. f5 exf5 27. Rxf5
Rd5 28. Rxd5 Rxd5 29. Rg3 c5 30. dxc5 Qxc5+ {White resigns} 0-1

[Event "Team 45 45 League T92"]
[Site "Internet Chess Club"]
[Date "2022.05.16"]
[Round "5"]
[White "BuddyT"]
[Black "cadmiumorange"]
[Result "0-1"]
[WhiteElo "1582"]
[BlackElo "1798"]
[Opening "QGD: Chigorin defense"]
[ECO "D07"]
[Time "10:07:53"]
[PlyCount "38"]
[TimeControl "2700+45"]

1. d4 d5 2. c4 Nc6 3. Nf3 Bg4 4. Nc3 e6 5. Bg5 Be7 6. Bxe7 Ngxe7 7. e3 O-O 8.
cxd5 exd5 9. Be2 Qd6 10. O-O a6 11. a3 Rad8 12. Rc1 f5 13. Qb3 f4 14. e4 Bxf3
15. e5 Qg6 16. Bxf3 Nxd4 17. Bxd5+ Nxd5 18. Qd1 f3 19. g3 Nxc3 {White resigns}
0-1

[Event "Team 45 45 League T92"]
[Site "Internet Chess Club"]
[Date "2022.05.16"]
[Round "5"]
[White "KidRattler"]
[Black "Portola"]
[Result "1/2-1/2"]
[WhiteElo "1698"]
[BlackElo "1700"]
[Opening "Polish (Sokolsky) opening"]
[ECO "A00"]
[Time "10:00:34"]
[PlyCount "59"]
[TimeControl "2700+45"]

1. b4 d5 2. Bb2 Bf5 3. a3 e6 4. e3 Nf6 5. Nf3 Nbd7 6. c4 c6 7. Nc3 h6 8. Be2 Be7
9. Qb3 O-O 10. O-O dxc4 11. Bxc4 Nb6 12. Be2 Qc7 13. d4 Rad8 14. Ne5 Nc8 15.
Rac1 Qb8 16. Rfd1 Bd6 17. f4 Bxe5 18. dxe5 Ne4 19. Nxe4 Bxe4 20. Rd4 Rxd4 21.
Bxd4 Rd8 22. Rd1 Qc7 23. Bd3 Bd5 24. Qc2 Qe7 25. e4 Bb3 26. Qxb3 Rxd4 27. Bc2
Qd7 28. Rd3 Rxd3 29. Qxd3 Qc7 30. Qd4 {Game drawn by mutual agreement} 1/2-1/2

[Event "Team 45 45 League T92"]
[Site "Internet Chess Club"]
[Date "2022.05.14"]
[Round "5"]
[White "Chess4Him"]
[Black "ElValero"]
[Result "0-1"]
[WhiteElo "1463"]
[BlackElo "1750"]
[Opening "Queen's pawn: London system"]
[ECO "A45"]
[Time "11:00:19"]
[PlyCount "98"]
[TimeControl "2700+45"]

1. d4 Nf6 2. Bf4 e6 3. e3 c5 4. Nf3 b6 5. Nbd2 Be7 6. h3 O-O 7. Be2 d6 8. O-O
Bb7 9. c3 Nbd7 10. dxc5 Nxc5 11. b4 Nce4 12. Rc1 Rc8 13. Qb3 Nd5 14. c4 Nxf4 15.
exf4 Qc7 16. Nxe4 Bxe4 17. Nd2 Bb7 18. Bf3 Bxf3 19. Nxf3 Qb8 20. Qe3 Rfe8 21. a3
Bf6 22. Qd3 g6 23. Rfe1 d5 24. Ne5 Red8 25. c5 Bxe5 26. fxe5 Rc6 27. Qd4 Rdc8
28. Rb1 Qc7 29. Rec1 bxc5 30. bxc5 Rxc5 31. Rxc5 Qxc5 32. Qa4 d4 33. Qd7 Qc7 34.
Qxd4 Rd8 35. Qe4 Rd5 36. Re1 Qc5 37. Qe3 Qa5 38. g4 Rd3 39. Qxd3 Qxe1+ 40. Kg2
Qxe5 41. Qe3 Qxe3 42. fxe3 f6 43. Kf3 Kf7 44. Ke4 Ke7 45. g5 fxg5 46. Ke5 h5 47.
e4 Kd7 48. Kf6 g4 49. hxg4 hxg4 {White resigns} 0-1

[Event "Team 45 45 League T92"]
[Site "Internet Chess Club"]
[Date "2022.05.13"]
[Round "5"]
[White "kabindra"]
[Black "BrerRabbit"]
[Result "1-0"]
[WhiteElo "1767"]
[BlackElo "1391"]
[Opening "Scandinavian (center counter) defense"]
[ECO "B01"]
[Time "15:01:37"]
[PlyCount "37"]
[TimeControl "2700+45"]

1. e4 d5 2. exd5 Qxd5 3. Nc3 Qd8 4. d4 Nf6 5. Nf3 Bg4 6. h3 Bxf3 7. Qxf3 c6 8.
Bc4 Qxd4 9. Bb3 e6 10. Bf4 Qd8 11. g4 Bb4 12. g5 Nd5 13. Bd2 Nxc3 14. bxc3 Bc5
15. O-O-O Qb6 16. h4 O-O 17. h5 g6 18. hxg6 hxg6 19. Qh3 {Black resigns} 1-0

[Event "Team 45 45 League T92"]
[Site "Internet Chess Club"]
[Date "2022.05.16"]
[Round "5"]
[White "Ostap-Bender"]
[Black "jjmolina1"]
[Result "0-1"]
[WhiteElo "1249"]
[BlackElo "1483"]
[Opening "Ruy Lopez: Cozio defense deferred"]
[ECO "C70"]
[Time "10:00:41"]
[PlyCount "68"]
[TimeControl "2700+45"]

1. e4 e5 2. Nf3 Nc6 3. Bb5 a6 4. Ba4 Nge7 5. c3 g6 6. O-O Bg7 7. d3 O-O 8. Be3
h6 9. d4 d5 10. exd5 Qxd5 11. dxe5 Nxe5 12. Qxd5 Nxd5 13. Nbd2 Nxe3 14. fxe3 Nd3
15. Rab1 Be6 16. a3 c5 17. Bb3 Rfe8 18. Bxe6 Rxe6 19. e4 Rd8 20. Rfd1 b5 21. Nb3
Bf8 22. Ne1 Red6 23. Nxd3 Rxd3 24. Rxd3 Rxd3 25. Kf2 c4 26. Nd4 Bc5 27. Ke2 Bxd4
28. cxd4 Rxd4 29. Ke3 Rd3+ 30. Ke2 Kf8 31. b3 Rxb3 32. Rxb3 cxb3 33. Kd2 a5 34.
Kc3 a4 {White resigns} 0-1

[Event "Team 45 45 League T92"]
[Site "Internet Chess Club"]
[Date "2022.05.15"]
[Round "5"]
[White "Andressa"]
[Black "stantheman59"]
[Result "1-0"]
[WhiteElo "1362"]
[BlackElo "1128"]
[Opening "French: exchange variation"]
[ECO "C01"]
[Time "18:08:52"]
[PlyCount "111"]
[TimeControl "2700+45"]

1. e4 e6 2. d4 d5 3. exd5 exd5 4. Nf3 Nc6 5. Nc3 Nf6 6. Bb5 Bd6 7. O-O O-O 8.
Re1 a6 9. Bxc6 bxc6 10. h3 h6 11. a3 a5 12. Bd2 Ba6 13. Rb1 Qd7 14. Ne5 Bxe5 15.
dxe5 Ne4 16. Nxe4 dxe4 17. Bxa5 Qxd1 18. Rbxd1 Ra7 19. Bb4 Rb8 20. Rxe4 Bb7 21.
Bc3 c5 22. Rc4 Bc8 23. Rxc5 Bf5 24. Bb4 g5 25. g4 Be6 26. Rc3 Rc8 27. Rcd3 Raa8
28. Be7 Rab8 29. Rd8+ Rxd8 30. Rxd8+ Rxd8 31. Bxd8 c6 32. b4 Bc4 33. h4 gxh4 34.
Bxh4 Bb5 35. f4 Kg7 36. Kf2 Ba4 37. c4 Bd1 38. g5 hxg5 39. Bxg5 Kg6 40. Ke3 Kf5
41. b5 cxb5 42. cxb5 Ba4 43. b6 Bc6 44. a4 Bb7 45. a5 Ba6 46. Kd4 Ke6 47. Kc5
Kd7 48. f5 Bc8 49. Kb5 Bb7 50. a6 Bc6+ 51. Kc5 Kc8 52. Kxc6 Kb8 53. e6 f6 54.
Bxf6 Kc8 55. e7 Kb8 56. e8=Q# {Black checkmated} 1-0

[Event "Team 45 45 League T92"]
[Site "Internet Chess Club"]
[Date "2022.05.13"]
[Round "5"]
[White "marioseixas1992"]
[Black "Zugzwanged"]
[Result "1-0"]
[WhiteElo "1566"]
[BlackElo "1626"]
[Opening "French: advance, Paulsen attack"]
[ECO "C02"]
[Time "12:50:35"]
[PlyCount "79"]
[TimeControl "2700+45"]

1. e4 e6 2. d4 d5 3. e5 c5 4. c3 Nc6 5. Nf3 Qb6 6. a3 Nh6 7. Bxh6 gxh6 8. b4
cxd4 9. cxd4 Bg7 10. Nc3 O-O 11. b5 Ne7 12. Bd3 Bd7 13. O-O f6 14. Na4 Qd8 15.
Nc5 b6 16. Nxd7 Qxd7 17. exf6 Bxf6 18. Rc1 Rac8 19. Re1 Rxc1 20. Qxc1 Bg7 21. h4
Nf5 22. Bxf5 Rxf5 23. Qc6 Qxc6 24. bxc6 Rf7 25. Rxe6 Rc7 26. Ne5 Kf8 27. Kf1 b5
28. Ke2 a5 29. Kd3 h5 30. f4 Rc8 31. f5 Kg8 32. f6 Bf8 33. Re8 Rc7 34. Nd7 Kf7
35. Rxf8+ Ke6 36. Re8+ Kf7 37. Re7+ Kg6 38. Ne5+ Kxf6 39. Rxc7 Ke6 40. Rf7
{Black resigns} 1-0

[Event "Team 45 45 League T92"]
[Site "Internet Chess Club"]
[Date "2022.05.14"]
[Round "5"]
[White "Electryon"]
[Black "WillC"]
[Result "1/2-1/2"]
[WhiteElo "1446"]
[BlackElo "1561"]
[Opening "Queen's pawn game"]
[ECO "D04"]
[Time "14:04:52"]
[PlyCount "155"]
[TimeControl "2700+45"]

1. d4 d5 2. Nf3 Nf6 3. e3 Bf5 4. Bd3 Ne4 5. c4 c6 6. Nh4 Qa5+ 7. Bd2 Nxd2 8.
Qxd2 Qxd2+ 9. Kxd2 Bxd3 10. Kxd3 dxc4+ 11. Kxc4 e6 12. Nc3 Be7 13. Nf3 Nd7 14.
a3 a5 15. b4 b5+ 16. Kb3 a4+ 17. Kb2 O-O-O 18. Rac1 Kb7 19. Ne4 f6 20. Rhd1 Nb6
21. Ne1 Nc4+ 22. Ka2 f5 23. Nd2 Nb6 24. Nd3 Bd6 25. g3 Nd5 26. Nc5+ Bxc5 27.
Rxc5 Rhe8 28. Nf3 Nf6 29. Ne5 Rd6 30. Rdc1 Rc8 31. Kb2 Ne4 32. R5c2 Nf6 33. Kc3
Ne4+ 34. Kd3 Kb6 35. Ke2 Nf6 36. Kf3 h6 37. h3 Nd5 38. g4 fxg4+ 39. hxg4 Rf8+
40. Kg3 Ne7 41. Kh4 g6 42. Kg3 Rc8 43. Nf7 Rd5 44. Nxh6 e5 45. dxe5 Rxe5 46. Rc5
Rxc5 47. Rxc5 Rd8 48. Rc3 Rd2 49. e4 Rd4 50. f3 Nc8 51. Nf7 Nd6 52. Nxd6 Rxd6
53. f4 Rd4 54. e5 Re4 55. Kf3 Re1 56. Re3 Rf1+ 57. Ke4 Kc7 58. f5 gxf5+ 59. gxf5
Kd7 60. f6 Ke6 61. Kd4 Rd1+ 62. Rd3 Re1 63. Re3 Rd1+ 64. Ke4 Rb1 65. Kd4 Rd1+
66. Kc3 Rc1+ 67. Kb2 Rc4 68. Rc3 Rf4 69. Rxc6+ Kxe5 70. Rc5+ Kxf6 71. Rxb5 Rf2+
72. Ka1 Rf1+ 73. Kb2 Rf2+ 74. Kc1 Rf3 75. Ra5 Rxa3 76. b5 Rb3 77. Rxa4 Rxb5 78.
Kd2 {Game drawn by mutual agreement} 1/2-1/2

[Event "Team 45 45 League T92"]
[Site "Internet Chess Club"]
[Date "2022.05.17"]
[Round "5"]
[White "RD1974"]
[Black "DaveTheRook"]
[Result "1-0"]
[WhiteElo "1593"]
[BlackElo "1384"]
[Opening "King's Indian: 3.g3"]
[ECO "E68"]
[Time "17:02:42"]
[PlyCount "111"]
[TimeControl "2700+45"]

1. d4 Nf6 2. c4 g6 3. g3 Bg7 4. Bg2 d6 5. Nf3 O-O 6. O-O c6 7. Nc3 Nbd7 8. e4 e5
9. Ng5 h6 10. Nf3 a6 11. h3 Rb8 12. Be3 Kh7 13. Rc1 Qe7 14. b4 b5 15. d5 cxd5
16. Nxd5 Nxd5 17. cxd5 Bb7 18. Rc7 Rfc8 19. Qc2 Qd8 20. Rc1 Bf8 21. Nd2 Kg7 22.
Nb3 Rxc7 23. Qxc7 Qxc7 24. Rxc7 Bc8 25. h4 Nf6 26. f3 Bd7 27. Na5 Rc8 28. Rxc8
Bxc8 29. Nc6 Ng8 30. Bf1 Ne7 31. Nb8 Kh7 32. a4 bxa4 33. Nxa6 a3 34. Bc1 a2 35.
Bb2 h5 36. Nb8 Bh6 37. Kf2 Bc1 38. Ba1 Bb7 39. Bc4 Bd2 40. b5 Nc8 41. Nc6 Nb6
42. Bxa2 Bh6 43. Nd8 Bc8 44. Nxf7 Bf8 45. Ng5+ Kg8 46. Bb1 Be7 47. f4 Bd7 48.
Bd3 exf4 49. gxf4 Bg4 50. e5 dxe5 51. fxe5 Nxd5 52. Bc4 Bc5+ 53. Kg3 Bb4 54.
Bxd5+ Kf8 55. b6 Be1+ 56. Kf4 {Black resigns} 1-0

[Event "Team 45 45 League T92"]
[Site "Internet Chess Club"]
[Date "2022.05.11"]
[Round "5"]
[White "grekor"]
[Black "cobrabrava"]
[Result "0-1"]
[WhiteElo "1155"]
[BlackElo "1385"]
[Opening "Queen's pawn: Chigorin variation"]
[ECO "D00"]
[Time "18:30:46"]
[PlyCount "54"]
[TimeControl "2700+45"]

1. d4 d5 2. Nc3 c6 3. Bf4 Nf6 4. Nf3 Nbd7 5. e3 e6 6. Bd3 Be7 7. Qe2 O-O 8.
O-O-O b5 9. h4 Bb7 10. h5 Qa5 11. h6 g6 12. Ne5 b4 13. Nb1 c5 14. Bg5 Rfe8 15.
Qf3 Nxe5 16. dxe5 Nd7 17. Bxe7 Rxe7 18. Rh3 Bc6 19. Rg3 Rb8 20. b3 Qxa2 21. Qf4
Qa1 22. Bc4 dxc4 23. Rxd7 c3 24. Rxe7 Qb2+ 25. Kd1 Rd8+ 26. Ke1 Qxb1+ 27. Ke2
Rd2# {White checkmated} 0-1

[Event "Team 45 45 League T92"]
[Site "Internet Chess Club"]
[Date "2022.05.11"]
[Round "5"]
[White "Rookmaster"]
[Black "fhunfi"]
[Result "0-1"]
[WhiteElo "1496"]
[BlackElo "1732"]
[Opening "French: Two knights variation"]
[ECO "C00"]
[Time "20:00:22"]
[PlyCount "60"]
[TimeControl "2700+45"]

1. e4 e6 2. Nf3 d5 3. Nc3 Nf6 4. e5 Nfd7 5. d4 Be7 6. h4 c5 7. dxc5 Nxc5 8. Bb5+
Nc6 9. Bf4 Bd7 10. Bxc6 Bxc6 11. Nd4 Qb6 12. Nxc6 bxc6 13. Bc1 Qc7 14. f4 O-O
15. h5 f6 16. Qe2 fxe5 17. fxe5 Rf5 18. Qg4 Qxe5+ 19. Ne2 Raf8 20. Bh6 Bg5 21.
Bxg5 Rxg5 22. Qb4 Rxg2 23. Qd2 Rff2 24. O-O-O Qxe2 25. Qc3 Qxc2+ 26. Qxc2 Rxc2+
27. Kb1 Rxb2+ 28. Ka1 Rxa2+ 29. Kb1 Rgb2+ 30. Kc1 Nb3# {White checkmated} 0-1